 Dungeon Crawl Stone Soup version 0.25-a0-547-g27a0b5d1ef (webtiles) character file.

Game seed: 5907332958930989156, levelgen mode: classic

87031 EnegeticOcto the Severer (level 15, 0/148 HPs)
             Began as a Deep Dwarf Fighter on Feb 21, 2020.
             Was the Champion of Makhleb.
             Killed from afar by a naga sharpshooter (7 damage)
             ... with an exploding inner flame
             ... hexed by the player character
             ... on level 4 of the Snake Pit.
             The game lasted 00:12:14 (12362 turns).

EnegeticOcto the Severer (Deep Dwarf Fighter)      Turns: 12362, Time: 00:12:15

Health: 0/148      AC: 24    Str: 27    XL:     15   Next: 42%
Magic:  0/7        EV: 12    Int: 10    God:    Makhleb [******]
Gold:   867        SH: 13    Dex: 12    Spells: 14/14 levels left

rFire    + . .     SeeInvis .   a - +3 broad axe (freeze)
rCold    + . .     Gourm    .   c - +0 kite shield
rNeg     + + .     Faith    .   K - +2 plate armour {MR+}
rPois    .         Spirit   .   L - +2 hat
rElec    +         Reflect  .   J - scarf {rC+ rF+}
rCorr    .         Harm     .   l - +2 pair of gloves
MR       +++..                  (no boots)
Stlth    ..........             (no amulet)
HPRegen  0.00/turn              d - +2 ring of protection
MPRegen  0.10/turn              s - ring of Semyapic {Wiz rElec rN+ Str+2}

@: lethally poisoned (0 -> -59), non-regenerating
A: damage resistance, heal wounds, negative energy resistance 1, sense
surroundings 2, no regeneration
a: Heal Wounds, Minor Destruction, Lesser Servant of Makhleb, Major Destruction,
Greater Servant of Makhleb, Renounce Religion


You were on level 4 of the Snake Pit.
You worshipped Makhleb.
Makhleb was exalted by your worship.
You were not hungry.

You visited 4 branches of the dungeon, and saw 23 of its levels.
You also visited: Ossuary and Gauntlet.

You collected 1558 gold pieces.
You spent 691 gold pieces at shops.

Inventory:

Hand Weapons
 a - a +3 broad axe of freezing (weapon)
 o - a +2 war axe of electrocution
Missiles
 x - 5 throwing nets (quivered)
Armour
 c - a +0 kite shield (worn)
 l - a +2 pair of gloves (worn)
 J - a scarf of resistance (worn)
 K - a +2 plate armour of magic resistance (worn)
 L - a +2 hat (worn)
Jewellery
 b - an uncursed ring of resist corrosion
 d - a +2 ring of protection (left hand)
 s - the ring of Semyapic (right hand) {Wiz rElec rN+ Str+2}
   (You bought it in a shop on level 4 of the Dungeon)

   [ring of wizardry]

   It improves your spell success rate.
   It affects your strength (+2).
   It insulates you from electricity.
   It protects you from negative energy.
Wands
 i - a wand of clouds (3)
 u - a wand of flame (9)
 C - a wand of polymorph (12)
 D - a wand of scattershot (3)
 E - a wand of acid (16) {@v1}
Scrolls
 g - 6 scrolls of enchant armour
 h - 4 scrolls of magic mapping {@r5}
 t - 6 scrolls of remove curse {@r6}
 v - 10 scrolls of teleportation {@r2}
 y - 2 scrolls of identify {@r1}
 B - 3 scrolls of fog
 F - 4 scrolls of holy word
 G - a scroll of fear
Potions
 j - 8 potions of lignification {@q7}
 k - 4 potions of might {@q3}
 m - 3 potions of resistance {@q6}
 n - a potion of haste {@q4}
 p - 2 potions of curing {@q1}
 q - 2 potions of mutation
 r - 4 potions of heal wounds {@q2}
 w - 2 potions of invisibility
 z - 2 potions of cancellation
 A - a potion of flight
 I - a potion of brilliance {unknown}
Comestibles
 e - 39 rations


   Skills:
 * Level 13.6 Fighting
 * Level 15.5 Axes
 + Level 11.8 Armour
 - Level 10.2 Dodging
 + Level 11.8 Shields
 * Level 9.2 Invocations


You had 14 spell levels left.
You didn't know any spells.
Your spell library was empty.

Dungeon Overview and Level Annotations

Branches:
Dungeon (12/15)            Temple (1/1) D:6            Lair (6/6) D:11
 Shoals (0/4) Lair:2        Snake (4/4) Lair:4        Slime (0/5) Lair:6
    Orc (0/2) D:12        Ossuary (visited)         Gauntlet (visited)

Altars:
Dithmenos
Elyvilon
Fedhas
Makhleb
Qazlal
Ru
Sif Muna
Trog
Uskayaw
Vehumet
Wu Jian
Xom
Yredelemnul
Zin
The Shining One
Jiyva

Shops:
D:4 }([=*   D:10 }[((   Snake:1 (

Annotations:
D:5 1 runed translucent door, Stick's ghost, novice OgBe
Lair:6 1 exclusion


Innate Abilities, Weirdness & Mutations

You are resistant to damage.
You can heal yourself by infusing magical energy.
You resist negative energy. (rN+)
You passively map the area around you.
You do not regenerate.


Message History

You closely miss the mana viper. You hit the naga.
Flame seeps out of the naga.
You freeze the naga.
Flame seeps out of the naga.
You hit the naga.
Flame seeps out of the naga.
You freeze the naga.
Flame seeps out of the naga.
You slash the naga mage! You freeze the naga mage.
The naga mage explodes!
The fiery explosion engulfs you! You resist.
* * * LOW HITPOINT WARNING * * *
The fiery explosion engulfs the naga!!!
The naga explodes!
The fiery explosion engulfs the nagaraja!!
The nagaraja explodes!
The fiery explosion engulfs the naga mage!!
Flame seeps out of the naga mage.
The naga mage is heavily wounded.
Makhleb accepts your kill.
You feel better.
The fiery explosion engulfs the naga!!
The naga explodes!
The fiery explosion engulfs the naga!!
The naga explodes!
The fiery explosion engulfs the nagaraja!!
Flame seeps out of the nagaraja.
The nagaraja is moderately wounded.
The fiery explosion engulfs the naga warrior!!
Flame seeps out of the naga warrior.
The naga warrior is moderately wounded.
Makhleb accepts your kill.
You feel better.
The fiery explosion engulfs the nagaraja!!
Flame seeps out of the nagaraja.
The nagaraja is severely wounded.
The fiery explosion engulfs you! You resist.
* * * LOW HITPOINT WARNING * * *
The fiery explosion engulfs the mana viper!!
Flame seeps out of the mana viper.
The mana viper is heavily wounded.
Makhleb accepts your kill.
You feel better. The fiery explosion engulfs you! You resist.
* * * LOW HITPOINT WARNING * * *
The fiery explosion engulfs the naga sharpshooter!!
Flame seeps out of the naga sharpshooter.
The naga sharpshooter is moderately wounded.
Makhleb accepts your kill.
You feel better.
The fiery explosion engulfs the naga sharpshooter!!
Flame seeps out of the naga sharpshooter.
The naga sharpshooter is severely wounded.
The fiery explosion engulfs your orange demon!!
Your orange demon is heavily wounded.
Makhleb accepts your kill.
You feel better.
Your orange demon disappears in a puff of smoke!
You closely miss the naga sharpshooter.
You are engulfed in blazing flames.
You resist.
* * * LOW HITPOINT WARNING * * *
You feel very sick.
You hear a shout! x4
The nagaraja is engulfed in blazing flames.
Flame seeps out of the nagaraja.
The nagaraja spits poison at you. The splash of poison misses you.
The splash of poison hits the naga sharpshooter but does no damage.
The naga mage is engulfed in blazing flames.
Flame seeps out of the naga mage.
A salamander comes into view.
The mana viper is engulfed in blazing flames.
Flame seeps out of the mana viper.
The mana viper bites you!
* * * LOW HITPOINT WARNING * * *
You feel your power leaking away.
The guardian serpent coils itself and performs some mystic snake dance.
The naga blinks! x2; The nagaraja blinks!
The naga sharpshooter is engulfed in blazing flames.
Flame seeps out of the naga sharpshooter.
The naga sharpshooter unwields a +0 shortbow.
The naga sharpshooter wields a +0 short sword.
The naga sharpshooter closely misses you.
The naga sharpshooter grabs you. The naga sharpshooter constricts you.
You slash the nagaraja!
Flame seeps out of the nagaraja.
You freeze the nagaraja.
Flame seeps out of the nagaraja.
The nagaraja is almost dead.
You slash the naga!
Flame seeps out of the naga.
You freeze the naga.
Flame seeps out of the naga.
You closely miss the naga mage. You closely miss the naga.
You slice the mana viper!!
The mana viper seems to slow down.
You freeze the mana viper.
The mana viper explodes!
The fiery explosion engulfs the naga!!
The naga explodes!
The fiery explosion engulfs you! You resist.
* * * LOW HITPOINT WARNING * * *
The fiery explosion engulfs the naga mage!!
The naga mage explodes!
The fiery explosion engulfs the naga!!!
The naga explodes!
The fiery explosion engulfs the nagaraja!!
The nagaraja explodes!
The fiery explosion engulfs you!! You resist.
* * * LOW HITPOINT WARNING * * *
The fiery explosion engulfs the naga sharpshooter!
The naga sharpshooter explodes!
The fiery explosion engulfs you! You resist.
You die...

, * ...φ..%%### ... * *
..%.......##.., * * ,
..%...%%....# # ,
,..%.%..%%.%# .# , ,
.%..%..%%.%##*..#*# * # ,
, .....§§§[.%.#.... #. ##
, , , *.%.%.%○§§§§.%# ,
*#. ##. , .%.%..§§○○§.%#
*#.###.. ,,
.%..§§§○@§§).#* ,*#..(((.
, , , ,.N..%§§#§S§))%#
*#..(###
.%.#.§%N§§)%...%.*#..)).#
, *,
.#.%...%))#).....*#..##..
, *
.%...%%#).......*#......
* ..⌠.%.###...%).#
#.##### ,, ,,*...%%.
#....%# #. , , ,, %.... ,
.%.%.# #. , , * #.


You could see a naga warrior (inner flame), a salamander and a guardian serpent
(inner flame).

Vanquished Creatures
  Jorgrun (Snake:3)
  4 nagarajas
  Nessos (Lair:4)
  A minotaur (Gauntlet)
  3 naga warriors (Snake:4)
  Harold (Lair:2)
  2 hydras
  A death knight (D:12)
  2 catoblepae
  4 anacondas
  5 death yaks (Lair:6)
  3 two-headed ogres
  7 naga sharpshooters (Snake:4)
  Urug (Lair:1)
  2 shock serpents
  A lindwurm (Lair:6)
  2 unseen horrors
  2 naga ritualists
  An orc knight (D:9)
  An oklob plant (Lair:2)
  4 mana vipers
  A manticore (Lair:4)
  4 elephants (Lair:5)
  3 cyclopes
  A salamander (Snake:4)
  11 naga magi (Snake:4)
  11 black mambas
  A guardian serpent (Lair:4)
  4 komodo dragons
  11 spiny frogs
  9 rime drakes
  5 trolls
  3 meliai (Gauntlet)
  2 hornets
  12 polar bears (Lair:6)
  14 blink frogs
  5 raiju (Lair:6)
  Prince Ribbit (Lair:2)
  13 hippogriffs
  A snapping turtle (Lair:2)
  3 shadows (Gauntlet)
  Eustachio (D:6)
  2 water elementals (D:12)
  28 yaks
  6 wyverns (Lair:4)
  A human (D:7)
  A vampire (D:11)
  4 basilisks
  4 hogs (D:7)
  A steam dragon (Lair:6)
  17 wargs
  A hungry ghost (D:11)
  14 nagas
  7 water moccasins
  13 hell hounds
  14 orc warriors
  4 porcupines
  2 sky beasts
  14 black bears
  3 phantoms
  2 ice beasts (D:12)
  7 ogres
  7 crocodiles
  27 wolves
  6 centaurs
  3 small abominations (Gauntlet)
  10 bullfrogs
  An elf zombie (Ossuary)
  4 scorpions
  A wyvern skeleton (D:10)
  5 wights (D:5)
  6 electric eels
  2 howler monkeys
  2 centaur zombies
  7 crimson imps
  3 centaur skeletons
  8 hounds
  2 bullfrog zombies
  5 jellies
  A quasit (D:9)
  2 human zombies (Ossuary)
  8 orc priests
  9 orc wizards
  An iguana (D:6)
  9 worker ants
  2 big kobold zombies (Ossuary)
  3 hound zombies (Ossuary)
  A hound skeleton (D:7)
  3 mummies (Ossuary)
  A worker ant zombie (D:6)
  4 gnolls (D:5)
  18 adders
  2 shadow imps (D:12)
  3 oozes
  4 adder zombies (Ossuary)
  2 dart slugs
  2 leopard geckos (D:6)
  70 orcs
  A giant cockroach (D:4)
  A goblin (D:1)
  2 hobgoblins
  13 jackals
  2 quokkas
  2 bats
  2 frilled lizards
  2 gnoll zombies (Ossuary)
  3 hobgoblin zombies (Ossuary)
  2 jackal zombies (Ossuary)
  4 kobolds (D:1)
  6 kobold zombies (Ossuary)
  An orc zombie (Ossuary)
  A quokka skeleton (D:8)
  7 quokka zombies (Ossuary)
  A rat (D:2)
  2 rat zombies (Ossuary)
  6 fungi
  10 plants
622 creatures vanquished.

Vanquished Creatures (collateral kills)
  3 hydras
  An elephant (Lair:5)
  A polar bear (Lair:6)
  6 yaks
  A warg (Lair:6)
  An electric eel (Lair:6)
13 creatures vanquished.

Vanquished Creatures (others)
  A black mamba (Snake:4)
  A bush (Lair:6)
  8 fungi
  25 plants
35 creatures vanquished.

Grand Total: 670 creatures vanquished

Notes
Turn   | Place    | Note
-------+----------+-------------------------------------------
     0 | D:1      | EnegeticOcto the Deep Dwarf Fighter began the quest for the
                  | Orb.
     0 | D:1      | Reached XP level 1. HP: 20/20 MP: 1/1
   184 | D:1      | Reached XP level 2. HP: 24/27 MP: 2/2
   361 | D:4      | Found a shimmering altar of Xom.
   362 | D:4      | Found a shimmering altar of Xom.
   362 | D:4      | Found a shimmering altar of Xom.
   362 | D:4      | Found a shimmering altar of Xom.
   376 | D:4      | Found a shimmering altar of Xom.
   376 | D:4      | Found a shimmering altar of Xom.
   378 | D:4      | Found a shimmering altar of Xom.
   379 | D:4      | Found a shimmering altar of Xom.
   389 | D:4      | Found Cische Voxe's Gadget Shop.
   401 | D:4      | Reached skill level 1 in Dodging
   401 | D:4      | Reached XP level 3. HP: 20/34 MP: 3/3
   434 | D:4      | Reached skill level 3 in Axes
   436 | D:4      | Noticed an ogre
   443 | D:4      | Killed an ogre
   443 | D:4      | Reached XP level 4. HP: 23/43 MP: 4/4
   467 | D:4      | Reached XP level 5. HP: 46/50 MP: 5/5
   471 | D:4      | Found Janteth's Antique Armour Shop.
   604 | D:4      | Found Zygipoaf's Assorted Antiques.
   652 | D:4      | Found Uzefely's Jewellery Emporium.
   692 | D:4      | Found Kamp's Antique Weapon Boutique.
  1195 | D:5      | Entered Level 5 of the Dungeon
  1201 | D:5      | Reached skill level 4 in Axes
  1234 | D:5      | Noticed a centaur
  1241 | D:5      | Killed a centaur
  1241 | D:5      | Reached XP level 6. HP: 33/57 MP: 6/6
  1275 | D:4      | Bought a scroll labeled KEITU YSAKH for 31 gold pieces
  1324 | D:5      | Reached XP level 7. HP: 61/66 MP: 7/7
  1377 | D:5      | Reached skill level 5 in Axes
  1571 | D:5      | Noticed a two-headed ogre
  1588 | D:5      | Killed a two-headed ogre
  1588 | D:5      | Reached skill level 5 in Fighting
  1588 | D:5      | Reached skill level 6 in Axes
  1588 | D:5      | Reached skill level 5 in Armour
  1588 | D:5      | Reached skill level 5 in Shields
  1588 | D:5      | Reached XP level 8. HP: 50/76 MP: 8/8
  1661 | D:5      | Found a runed translucent door.
  1662 | D:5      | Noticed Stick's ghost (novice OgBe)
  1843 | D:6      | Found a bloodstained altar of Trog.
  1846 | D:6      | Found a staircase to the Ecumenical Temple.
  1854 | Temple   | Entered the Ecumenical Temple
  1867 | Temple   | Became a worshipper of Makhleb the Destroyer
  2129 | D:6      | Reached skill level 7 in Axes
  2167 | D:6      | Noticed Eustachio
  2171 | D:6      | Killed Eustachio
  2171 | D:6      | Gained mutation: You passively map the area around you.
                  | [Deep Dwarf growth]
  2171 | D:6      | Reached XP level 9. HP: 68/85 MP: 9/9
  2487 | D:7      | Reached * piety under Makhleb
  2528 | D:7      | Reached skill level 5 in Dodging
  2733 | D:7      | Reached skill level 8 in Axes
  2976 | D:8      | Reached ** piety under Makhleb
  3118 | D:8      | Reached XP level 10. HP: 65/96 MP: 10/10
  3120 | D:8      | Killed an unseen horror
  3120 | D:8      | Reached skill level 9 in Axes
  3206 | D:8      | Noticed a two-headed ogre
  3216 | D:8      | Killed a two-headed ogre
  3397 | D:8      | Found a sand-covered staircase.
  3402 | Ossuary  | Entered an ossuary
  3512 | Ossuary  | Reached *** piety under Makhleb
  3814 | D:9      | Reached **** piety under Makhleb
  3894 | D:9      | Reached skill level 10 in Axes
  3999 | D:9      | Reached XP level 11. HP: 86/104 MP: 4/4
  4296 | D:9      | Noticed an orc knight
  4327 | D:9      | HP: 2/106 [orc warrior/+0 trident (13)]
  4330 | D:9      | Killed an orc knight
  4369 | D:9      | Reached ***** piety under Makhleb
  4549 | D:9      | Noticed a stone giant
  4763 | D:10     | Entered Level 10 of the Dungeon
  4782 | D:10     | Found Amud's Gadget Shoppe.
  4815 | D:10     | Found Nov Otov's Antique Armour Shoppe.
  4960 | D:10     | Found Jounoann's Antique Weapon Emporium.
  5037 | D:10     | Found Tihymitta's Antique Weapon Shoppe.
  5443 | D:11     | Reached skill level 11 in Axes
  5671 | D:11     | Killed an unseen horror
  5955 | D:11     | Found a staircase to the Lair.
  6154 | D:12     | Found a gate leading to a gauntlet.
  6165 | Gauntlet | Entered a Gauntlet
  6165 | Gauntlet | Found a transporter.
  6165 | Gauntlet | Found a runed translucent door.
  6165 | Gauntlet | Found a transporter.
  6165 | Gauntlet | Found a runed translucent door.
  6165 | Gauntlet | Noticed a sixfirhy
  6175 | Gauntlet | Found a transporter.
  6178 | Gauntlet | Found a transporter.
  6181 | Gauntlet | Noticed a soul eater
  6187 | Gauntlet | Found a transporter.
  6189 | Gauntlet | Found a transporter.
  6191 | Gauntlet | Noticed a brown ugly thing
  6192 | Gauntlet | Noticed a green ugly thing
  6194 | Gauntlet | Noticed a great orb of eyes
  6197 | Gauntlet | Found a transporter.
  6215 | Gauntlet | Found a transporter.
  6221 | Gauntlet | Found a transporter.
  6223 | Gauntlet | Found a transporter.
  6236 | Gauntlet | Found a transporter.
  6239 | Gauntlet | Found a transporter.
  6344 | Gauntlet | Reached skill level 10 in Fighting
  6427 | Gauntlet | Reached XP level 12. HP: 96/116 MP: 2/2
  6464 | Gauntlet | Identified the cursed +0 scimitar of Offence {elec, rPois
                  | rN+}
  6464 | Gauntlet | Noticed a minotaur
  6477 | Gauntlet | Killed a minotaur
  6596 | D:12     | Noticed a two-headed ogre
  6602 | D:12     | Killed a two-headed ogre
  6645 | D:12     | Noticed a death knight
  6659 | D:12     | Killed a death knight
  6779 | D:12     | Found a staircase to the Orcish Mines.
  6791 | D:12     | Reached skill level 12 in Axes
  7203 | D:4      | Bought the ring of Semyapic {Wiz rElec rN+ Str+2} for 524
                  | gold pieces
  7366 | Lair:1   | Entered Level 1 of the Lair of Beasts
  7390 | Lair:1   | Reached ****** piety under Makhleb
  7464 | Lair:1   | Noticed Urug
  7494 | Lair:1   | Killed Urug
  7609 | Lair:2   | Noticed Harold
  7623 | Lair:2   | Killed Harold
  7778 | Lair:2   | Noticed Prince Ribbit
  7782 | Lair:2   | Killed Prince Ribbit
  7802 | Lair:2   | Reached XP level 13. HP: 127/127 MP: 1/1
  7829 | Lair:2   | Got a serpentine bone ring
  7851 | Lair:2   | Reached skill level 10 in Shields
  7911 | Lair:2   | Reached skill level 13 in Axes
  8013 | Lair:2   | Reached skill level 10 in Armour
  8188 | Lair:2   | Found a staircase to the Shoals.
  9053 | Lair:4   | Found a staircase to the Snake Pit.
  9399 | Lair:4   | Identified the cursed ring "Xiefit" {rF+ EV-4 Int+2} (You
                  | found it on level 2 of the Lair of Beasts)
  9568 | D:10     | Bought a broad axe for 136 gold pieces
  9880 | Lair:4   | Noticed Nessos
  9896 | Lair:4   | Killed Nessos
  9896 | Lair:4   | Reached skill level 10 in Dodging
 10274 | Lair:5   | Reached skill level 14 in Axes
 10572 | Lair:6   | Entered Level 6 of the Lair of Beasts
 10681 | Lair:6   | Reached skill level 1 in Invocations
 10728 | Lair:6   | Gained mutation: You resist negative energy. (rN+) [Deep
                  | Dwarf growth]
 10728 | Lair:6   | Reached XP level 14. HP: 130/138 MP: 1/3
 10793 | Lair:6   | Found a runed translucent door.
 10797 | Lair:6   | Found a viscous altar of Jiyva.
 10797 | Lair:6   | Found a staircase to the Slime Pits.
 11528 | Lair:6   | Reached skill level 5 in Invocations
 11734 | Snake:1  | Entered Level 1 of the Snake Pit
 11817 | Snake:1  | Found Epud's Antique Weapon Shoppe.
 11999 | Snake:2  | Noticed a nagaraja
 12010 | Snake:2  | Killed a nagaraja
 12021 | Snake:3  | Noticed Jorgrun
 12037 | Snake:3  | Killed Jorgrun
 12167 | Snake:3  | Reached skill level 15 in Axes
 12242 | Snake:4  | Entered Level 4 of the Snake Pit
 12321 | Snake:4  | Noticed a nagaraja
 12321 | Snake:4  | Noticed a nagaraja
 12329 | Snake:4  | Reached XP level 15. HP: 42/148 MP: 3/8
 12329 | Snake:4  | Killed a nagaraja
 12329 | Snake:4  | Killed a nagaraja
 12329 | Snake:4  | Noticed a nagaraja
 12351 | Snake:4  | Noticed a nagaraja
 12361 | Snake:4  | Killed a nagaraja
 12362 | Snake:4  | Killed a nagaraja
 12362 | Snake:4  | HP: 7/148 [nagaraja/exploding inner flame[the player
                  | character] (17)]
 12362 | Snake:4  | Killed from afar by a naga sharpshooter

Levels and vault maps discovered:
D:1:      denvon_arrival_planthouse, layout_basic, minmay_misc_feat_roman
D:2:      layout_basic, chequers_temple_overflow_statue_of_worship,
          chequers_ecumenical_altar_simple_redux, uniq_jessica
D:3:      layout_basic, okawaru_ov_weapons_minmay, first_ration,
          grunt_ministairs_10
D:4:      layout_basic, xom_redecorated, serial_shops, shop, shop,
          nicolae_shop_overgrown_old_shop, shop, nicolae_shop_statue_plus,
          kennysheep_generic_room_7
D:5:      layout_basic, gammafunk_ghost_grave
D:6:      layout_gridville, minmay_temple_entry_offerings, grunt_ministairs_8,
          trog_three_pillars_becter, uniq_eustachio
D:7:      layout_cave_pools, grunt_livestock
D:8:      layout_rooms, enter_ossuary_2, minmay_misc_feat_iff, minmay_checkerbox
D:9:      lemuel_castle_with_subvaults [lemuel_castle_interior_original],
          layout_irregular_city
D:10:     layout_basic, serial_shops, nicolae_shop_trees, shop_statue,
          nicolae_shop_behind_doors, shop
D:11:     layout_basic, david_lair_shrubbed
D:12:     layout_basic, david_orc_3, gauntlet_entry_generic
Temple:   nicolae_temple_x_marks_the_god
Lair:1:   layout_gridlike, ebering_ghost_disaster_area, minivault_27,
          hibernation_bobbens, uniq_nergalle, uniq_urug
Lair:2:   minmay_lair_venomous_thicket, layout_big_grid,
          minmay_shoals_entry_hut, uniq_harold, uniq_prince_ribbit2
Lair:3:   layout_loops_ring, serial_bayou_shore_b
Lair:4:   layout_loops_ring, minmay_snake_entry_spellcaster, special_room
          [special_room_mythical_zoo], serial_bayou_pond_b, grunt_megastairs_4,
          lemuel_fruit_tree, uniq_nessos
Lair:5:   layout_cave_shapes
Lair:6:   guppyfry_lair_end_dragon, layout_cave_pods,
          hangedman_lair_caniforms_friends, slime_altar_2,
          nicolae_volcano_entry_vermiform, chequers_serial_rivers_small_b,
          serial_bayou_lagoon_a, st_stairs_10, cheibrodos_lair_lostbears
Snake:1:  layout_grid_shapes, serial_shops, shop_fountains, basic_altar
Snake:2:  layout_misc_corridors, basic_altar, grunt_megastairs_2
Snake:3:  layout_gridlike, uniq_jorgrun, uniq_mara
Snake:4:  snake_pit, layout_rooms, basic_altar, drop_trap, serial_bayou_ford_a,
          grunt_ministairs_10, serial_bayou_shore_b

Skill      XL: |  1  2  3  4  5  6  7  8  9 10 11 12 13 14 15 |
---------------+----------------------------------------------+-----
Fighting       | 3 4 5 6 7 8 10 11 12 13 | 13.6
Dodging        | 1 2 3 4 5 6 8 9 10 | 10.2
Axes           | 3 4 6 7 8 10 11 12 14 15 | 15.5
Shields        | 4 5 6 7 8 9 10 11 | 11.8
Armour         | 4 5 6 7 8 9 10 11 | 11.8
Invocations    | 1 7 9 |  9.2

Action                   |  1- 3 |  4- 6 |  7- 9 | 10-12 | 13-15 || total
-------------------------+-------+-------+-------+-------+-------++-------
Melee: War axe           |    73 |    42 |   238 |   770 |   234 ||  1357
       Broad axe         |       |       |       |       |   526 ||   526
Invok: Lesser Servant of |       |       |       |     2 |    14 ||    16
 Abil: Heal Wounds       |       |     2 |    10 |    33 |    14 ||    59
Evoke: Wand              |       |       |       |     4 |     8 ||    12
  Use: Scroll            |       |     1 |    12 |     2 |    17 ||    32
       Potion            |       |       |       |     1 |     3 ||     4
 Stab: Distracted        |       |       |       |       |     1 ||     1
  Eat: Chunk             |       |     2 |     6 |    11 |    15 ||    34
       Ration            |       |       |       |     2 |       ||     2
Armor: Scale mail        |    29 |    17 |    91 |       |       ||   137
       Chain mail        |       |       |    21 |   277 |   246 ||   544
       Plate armour      |       |       |       |       |   167 ||   167
Dodge: Dodged            |    29 |    13 |    99 |   259 |   385 ||   785
       Deflected         |       |       |       |     2 |       ||     2
Block: Kite shield       |    29 |    22 |   135 |   493 |   576 ||  1255

Table legend:
 A = Non-vault XP
 B = Vault XP
 C = Vault XP percentage of total XP
 D = Non-vault monster count
 E = Vault monster count
 F = Vault count percentage of total count
                 A         B        C        D         E       F
            +---------+---------+-------+---------+---------+-------
      Total |   66823 |   57508 |  46.3 |     342 |     278 |  44.8
            +---------+---------+-------+---------+---------+-------
        D:1 |      14 |       0 |   0.0 |       8 |       0 |   0.0
        D:2 |       4 |       0 |   0.0 |       3 |       0 |   0.0
        D:3 |       0 |       3 | 100.0 |       0 |       2 | 100.0
        D:4 |     266 |      43 |  13.9 |      10 |       2 |  16.7
        D:5 |    1771 |       0 |   0.0 |      22 |       0 |   0.0
        D:6 |     843 |     227 |  21.2 |      20 |       2 |   9.1
        D:7 |     920 |    1004 |  52.2 |      21 |       5 |  19.2
        D:8 |    2509 |     271 |   9.7 |      21 |       4 |  16.0
        D:9 |    1680 |    3944 |  70.1 |      22 |      62 |  73.8
       D:10 |    2204 |       0 |   0.0 |      25 |       0 |   0.0
       D:11 |    3705 |     383 |   9.4 |      25 |       1 |   3.8
       D:12 |    4143 |     316 |   7.1 |      22 |       5 |  18.5
     Lair:1 |    3273 |     839 |  20.4 |      17 |       1 |   5.6
     Lair:2 |    6801 |    3741 |  35.5 |      28 |      18 |  39.1
     Lair:3 |    1409 |       0 |   0.0 |       7 |       0 |   0.0
     Lair:4 |    1861 |    9191 |  83.2 |       6 |      29 |  82.9
     Lair:5 |    7640 |       0 |   0.0 |      23 |       0 |   0.0
     Lair:6 |   10575 |   12939 |  55.0 |      31 |      68 |  68.7
    Snake:1 |    2622 |       0 |   0.0 |       6 |       0 |   0.0
    Snake:2 |    3353 |       0 |   0.0 |       3 |       0 |   0.0
    Snake:3 |    5980 |    2822 |  32.1 |       9 |       1 |  10.0
    Snake:4 |    5250 |   18505 |  77.9 |      13 |      29 |  69.0
    Ossuary |       0 |     423 | 100.0 |       0 |      39 | 100.0
   Gauntlet |       0 |    2857 | 100.0 |       0 |      10 | 100.0
            +---------+---------+-------+---------+---------+-------
